 Dungeon Crawl Stone Soup version 0.21-a0-508-gf08a75f26b (webtiles) character file.

403608 toph the Metallomancer (level 23, -4/149 HPs)
             Began as a Gargoyle Earth Elementalist on Nov 26, 2017.
             Was an Elder of Sif Muna.
             Slain by a vampire knight
             ... wielding a +1 dire flail
              (22 damage)
             ... on level 1 of the Crypt on Nov 28, 2017.
             The game lasted 06:41:30 (92476 turns).

toph the Metallomancer (GrEE)                      Turns: 92476, Time: 06:41:30

Health: -4/149     AC: 31    Str: 15    XL:     23   Next: 35%
Magic:  11/42      EV: 23    Int: 26    God:    Sif Muna [****..]
Gold:   2124       SH:  9    Dex: 13    Spells: 10/52 levels left

rFire    + + +     SeeInvis .   P - staff of energy
rCold    + + .     Gourm    .   k - +2 buckler {rF+}
rNeg     + . .     Faith    .   T - +2 robe {rC+ rF+}
rPois    ∞         Spirit   .   J - +1 helmet "Duoridd" {rCorr Str+3 Dex+3}
rElec    +         Reflect  +   S - scarf {repulsion}
rCorr    +         Harm     .   D - +2 pair of gloves "Hyth" {rF+ rC+}
MR       ++...                  o - +2 pair of boots
Stlth    ++........             I - +2 amulet of reflection
HPRegen  0.34/turn              U - ring of protection from magic
MPRegen  0.28/turn              X - +5 ring of evasion

@: flying, very slightly contaminated, slowed, divine energy, repel missiles,
very slow
A: big wings, negative energy resistance 1, electricity resistance, unbreathing,
petrification resistance, no potion heal 1, rot immunity, AC +17
}: 2/15 runes: serpentine, barnacled
a: Stop Flying, Stop Divine Energy, Channel Magic, Forget Spell, Renounce
Religion


You were on level 1 of the Crypt.
You worshipped Sif Muna.
Sif Muna was greatly pleased with you.
You were full.

You visited 8 branches of the dungeon, and saw 39 of its levels.
You visited the Abyss 1 time.
You visited 1 bazaar.
You also visited: Ice Cave and Wizlab.

You collected 4532 gold pieces.
You spent 2408 gold pieces at shops.

Inventory:

Hand Weapons
 e - a +9 demon whip of freezing
 W - the +7 morningstar of the Inferno {speed, rElec Dex+2}
   (You took it off a deep elf demonologist on level 3 of the Elven Halls)

   Attacks with this weapon are significantly faster.
   It affects your dexterity (+2).
   It insulates you from electricity.
Armour
 k - a +2 buckler of fire resistance (worn)
 o - a +2 pair of boots (worn)
 D - the +2 pair of gloves "Hyth" (worn) {rF+ rC+}
   (You bought it in a shop in a bazaar)

   It protects you from fire.
   It protects you from cold.
 J - the +1 helmet "Duoridd" (worn) {rCorr Str+3 Dex+3}
   (You acquired it on level 6 of the Lair of Beasts)

   It affects your strength (+3).
   It affects your dexterity (+3).
   It protects you from acid and corrosion.
 S - a scarf of repulsion (worn)
 T - a +2 robe of resistance (worn)
Magical Staves
 P - an uncursed staff of energy (weapon)
Jewellery
 E - an uncursed amulet of the gourmand
 I - a +2 amulet of reflection (around neck)
 L - the ring of Secrets {Fire Slay+3}
   (You took it off a deep elf annihilator on level 3 of the Elven Halls)

   [ring of fire]

   It enhances your fire magic.
   It affects your accuracy and damage with ranged weapons and melee attacks
   (+3).
   It protects you from fire.
   It makes you vulnerable to cold.
 U - a ring of protection from magic (left hand)
 X - a +5 ring of evasion (right hand)
Wands
 b - a wand of disintegration (28)
 c - a wand of iceblast (25)
 j - a wand of acid (10)
 r - a wand of digging (21)
 Z - a wand of clouds (4)
Scrolls
 a - a scroll of blinking
 f - 7 scrolls of immolation
 g - a scroll of identify
 n - 5 scrolls of enchant weapon
 u - 4 scrolls of fog
 A - 8 scrolls of teleportation
 B - 15 scrolls of remove curse
 Q - 5 scrolls of magic mapping
 R - 9 scrolls of fear
 Y - 4 scrolls of holy word
Potions
 h - 6 potions of brilliance
 m - a potion of berserk rage
 p - a potion of resistance
 q - 7 potions of might
 t - 3 potions of agility
 w - 2 potions of cancellation
 y - 5 potions of ambrosia
 z - 2 potions of invisibility
 G - 15 potions of curing
 N - 6 potions of magic
 V - 4 potions of haste
Books
 C - Sif Muna's Papyrus of Cankerous Talismans
   (Sif Muna gifted it to you on level 3 of the Elven Halls)

   Spells                             Type                      Level
   a - Infusion                       Charms                       1
   b - Ignite Poison                  Fire/Transmutation/Poison    3
   c - Excruciating Wounds            Charms/Necromancy            5
   d - Alistair's Intoxication        Transmutation/Poison         5
Comestibles
 d - 16 bread rations
 l - 20 fruits
 K - 8 meat rations


   Skills:
 - Level 17.0 Fighting
 + Level 8.2 Maces & Flails
 - Level 10.0 Armour
 - Level 10.0 Dodging
 - Level 2.1 Stealth
 - Level 4.0 Shields
 - Level 15.3 Spellcasting
 - Level 16.9 Conjurations
   Level 0.7 Transmutations
 - Level 12.2 Fire Magic
 * Level 23.1 Earth Magic
 - Level 7.1 Invocations


You had 10 spell levels left.
You knew the following spells:

 Your Spells              Type           Power        Failure   Level  Hunger
a - Shatter               Erth           #######...   19%         9    None
b - Stone Arrow           Conj/Erth      ######       0%          3    None
c - Lee's Rapid Deconstr  Erth           #######...   0%          5    None
d - Iron Shot             Conj/Erth      #######...   1%          6    None
g - Bolt of Fire          Conj/Fire      #######...   1%          6    None
h - Fireball              Conj/Fire      #######...   1%          5    None
i - Lehudib's Crystal Sp  Conj/Erth      #######...   4%          8    None


Dungeon Overview and Level Annotations

Branches:
Dungeon (15/15)            Temple (0/1) D:6            Lair (6/6) D:10
 Shoals (4/4) Lair:2        Snake (4/4) Lair:3        Slime (0/5) Lair:6
    Orc (2/2) D:10            Elf (3/3) Orc:2        Vaults (4/5) D:14
  Crypt (1/3) Vaults:2     Depths (0/5) D:15

Altars:
Elyvilon
Fedhas
Gozag
Okawaru
Ru
Sif Muna
Trog
Vehumet
Xom
Yredelemnul
Zin
Beogh

Shops:
D:10 ?   Orc:2 ?=[*(}(*   Shoals:2 }(*[(   Shoals:4 [   Snake:1 [%
Snake:3 (*[   Snake:4 }}=   Vaults:1 ?   Vaults:3 =


Innate Abilities, Weirdness & Mutations

You are resistant to torment.
Your stone body is resilient. (AC +17)
You are immune to poison.
Your large and strong wings let you fly indefinitely.
You resist negative energy. (rN+)
You are resistant to electric shocks. (rElec)
You can survive without breathing.
You are immune to petrification.
You are immune to rotting.
Potions are less effective at restoring your health.


Message History

* * * LOW HITPOINT WARNING * * *
The flying skull completely misses you. You block the shadow's attack.
The shadow misses you. You block the flying skull's attack.
The flying skull misses you. You block the flying skull's attack.
Blink to where?
Press: ? - help, Dir - move target cursor You are very lightly contaminated with residual magic.
As you read the scroll of blinking, it crumbles to dust.
Something hits you!
* * * LOW HITPOINT WARNING * * *
Something barely misses you. Something hits you but does no damage.
Something bites you.
* * * LOW HITPOINT WARNING * * *
Something hits you.
* * * LOW HITPOINT WARNING * * *
Something bites you.
* * * LOW HITPOINT WARNING * * *
Your system partially rejects the healing.
You feel much better. Something hits you!!
You die...

#..Zz.#
##.zz##
#.....#
##..W##
#...z.#
##.zW##
#.....#
##...##
##..@##
##.....##
#.......#
#.......#
#⌠.....⌠#
#....<..#
#.......#
##..⌠..##
#######


You could see 2 shadows and 4 flying skulls.

Vanquished Creatures
  Bai Suzhen (Snake:3)
  Vashnia (Snake:3)
  Saint Roka (Elf:2)
  Nikola (Snake:3)
  Jorgrun (Snake:4)
  A lich (Vaults:3)
  Asterion (Snake:4)
  3 deep elf blademasters
  2 deep elf master archers (Elf:3)
  7 krakens
  Polyphemus (Shoals:2)
  A sphinx (Vaults:1)
  Frances (Elf:1)
  2 tentacled starspawn (Abyss:2)
  Kirke (Snake:4)
  Donald (Elf:2)
  7 nagarajas
  A revenant (Vaults:2)
  8 vault wardens
  Aizul (Snake:3)
  5 deep elf sorcerers
  A frost giant (Shoals:4)
  4 deep elf elementalists (Elf:3)
  11 ironheart preservers
  6 entropy weavers
  3 stone giants
  9 deep elf demonologists
  Nessos (Lair:5)
  4 deep elf annihilators
  6 merfolk javelineers
  3 ettins
  An eidolon (Vaults:2)
  2 fire dragons (Vaults:3)
  9 merfolk impalers
  2 crystal guardians
  8 slime creatures
  4 deep elf death magi (Elf:3)
  8 yaktaur captains
  A great orb of eyes (Vaults:4)
  A vault guard (Vaults:3)
  2 deep elf high priests (Elf:3)
  Fannar (Orc:1)
  21 naga warriors
  5 hydras
  3 rakshasas
  Harold (D:10)
  An ice dragon (Vaults:1)
  4 ghost crabs (Lair:4)
  A death knight (D:15)
  6 merfolk avatars
  3 catoblepae
  9 anacondas
  22 two-headed ogres
  21 dancing weapons
  6 centaur warriors
  3 satyrs
  A deep troll shaman (Vaults:3)
  8 ogre magi
  6 merfolk aquamancers
  2 death yaks (Shoals:2)
  4 tengu warriors
  2 orc high priests
  A thrashing horror (Abyss:2)
  4 shock serpents (Snake:4)
  12 naga sharpshooters
  A large abomination (Abyss:2)
  29 deep elf knights
  2 wretched stars (Abyss:2)
  A shadow wraith (Crypt:1)
  5 fire crabs (Lair:4)
  7 salamander mystics
  2 skeletal warriors
  16 sea snakes
  3 unseen horrors
  2 flayed ghosts
  A glowing orange brain (Vaults:4)
  6 naga ritualists
  An obsidian statue (Vaults:3)
  5 wizards (Vaults:3)
  6 deep trolls
  15 deep elf archers
  8 ironbrand convokers
  A shining eye (Abyss:2)
  A phantasmal warrior (D:15)
  23 harpies
  An orb spider (shapeshifter) (D:14)
  2 necromancers
  13 orc knights
  72 deep elf magi
  13 manticores
  A fire giant zombie (Vaults:4)
  2 wolf spiders
  15 ugly things
  5 mana vipers
  16 salamanders
  A cyclops (shapeshifter) (D:14)
  17 cyclopes
  9 orc sorcerers
  12 elephants
  A worldbinder (Abyss:2)
  A stone giant skeleton (Vaults:4)
  Maurice (D:10)
  14 fauns
  11 vault sentinels
  A moth of wrath (D:8)
  4 ice statues (IceCv)
  2 guardian serpents
  5 water nymphs
  11 merfolk sirens
  An apocalypse crab (Abyss:2)
  36 black mambas
  A black mamba (shapeshifter) (Abyss:2)
  33 naga magi
  14 spiny frogs
  2 rime drakes (Lair:6)
  3 gargoyles
  3 centaur skeletons
  A kobold demonologist (D:11)
  4 freezing wraiths
  7 ice devils (IceCv)
  13 komodo dragons
  2 tengu conjurers (D:14)
  20 yaktaurs
  An ancient zyme (Abyss:2)
  2 guardian mummies (Crypt:1)
  A meliai (shapeshifter) (Vaults:2)
  33 merfolk
  6 wind drakes
  11 trolls
  A jumping spider (Vaults:4)
  3 polar bears
  5 hornets
  10 blink frogs
  4 raiju (Abyss:2)
  10 snapping turtles
  13 hippogriffs
  3 flying skulls (Abyss:2)
  4 redbacks
  A fire giant simulacrum (Vaults:4)
  2 shadows (D:13)
  19 water elementals
  An air elemental (Elf:1)
  Sigmund (D:4)
  24 yaks
  4 wraiths
  A vampire (D:10)
  A tarantella (Vaults:3)
  4 fire elementals
  A hog (shapeshifter) (Elf:2)
  Eustachio (D:4)
  A fire bat (shapeshifter) (Vaults:1)
  7 wyverns
  4 hogs (Snake:4)
  2 hungry ghosts
  Grum (D:10)
  2 basilisks (D:15)
  A neqoxec (Abyss:2)
  44 nagas
  6 wargs
  3 acid dragons
  A two-headed ogre zombie (D:10)
  16 water moccasins
  12 porcupines
  12 ice beasts
  2 black bears
  37 ogres
  19 orc warriors
  5 necrophages
  3 sky beasts
  4 phantoms
  An eye of draining (D:13)
  9 wolves
  12 centaurs
  7 crocodiles
  4 big kobolds
  Blork the orc (D:5)
  12 bullfrogs
  3 small abominations (Abyss:2)
  4 scorpions
  2 troll zombies (D:10)
  7 killer bees
  14 wights
  7 howler monkeys
  2 electric eels (Lair:3)
  A yaktaur simulacrum (Vaults:1)
  A bullfrog zombie (D:7)
  6 crimson imps
  A quasit (D:10)
  3 draconian simulacra (IceCv)
  6 hounds
  5 human zombies
  A bullfrog skeleton (D:5)
  A centaur zombie (D:10)
  Crazy Yiuf (D:7)
  9 jellies
  9 orc priests
  2 human skeletons
  4 iguanas
  15 worker ants
  24 orc wizards
  5 hell rats (Lair:5)
  A killer bee zombie (D:7)
  2 spriggan simulacra (IceCv)
  5 ogre zombies (D:10)
  2 centaur simulacra (IceCv)
  2 hound skeletons
  4 mummies (Crypt:1)
  2 worker ant zombies
  8 adders
  3 naga simulacra (IceCv)
  6 shadow imps
  A white imp (Abyss:2)
  3 oozes
  An adder zombie (D:5)
  2 adder skeletons
  7 worms
  2 dart slugs
  5 leopard geckos
  96 orcs
  5 giant cockroaches
  5 goblins
  5 hobgoblins
  20 jackals
  6 quokkas
  8 bats
  6 frilled lizards
  A goblin skeleton (D:10)
  A goblin zombie (D:10)
  A hobgoblin skeleton (D:10)
  5 hobgoblin zombies (D:10)
  17 kobolds
  4 orc skeletons
  15 orc zombies
  11 rats
  4 plants (Shoals:3)
  6 tentacles
1586 creatures vanquished.

Vanquished Creatures (others)
  Ilsuiw (Shoals:3)
  2 entropy weavers (Lair:4)
  A fire crab (Lair:4)
  2 deep elf knights (Elf:1)
  A naga ritualist (Snake:4)
  An apocalypse crab (Lair:4)
  A naga mage (Snake:4)
  2 spiny frogs (Lair:6)
  3 nagas
  A crocodile (Lair:6)
  An orc (Orc:1)
  23 fungi
  52 plants
  2 starspawn tentacles (Abyss:2)
  58 tentacles
151 creatures vanquished.

Grand Total: 1737 creatures vanquished

Notes
Turn   | Place    | Note
-------+----------+-------------------------------------------
     0 | D:1      | toph the Gargoyle Earth Elementalist began the quest for the Orb.
     0 | D:1      | Reached XP level 1. HP: 10/10 MP: 3/3
   151 | D:1      | Reached XP level 2. HP: 14/15 MP: 0/5
   217 | D:1      | Reached skill level 4 in Earth Magic
   876 | D:1      | Reached XP level 3. HP: 19/19 MP: 4/6
   881 | D:1      | Learned a level 3 spell: Stone Arrow
  1311 | D:2      | Reached skill level 1 in Conjurations
  1721 | D:2      | Reached XP level 4. HP: 24/24 MP: 6/8
  1778 | D:2      | Found a deep blue altar of Sif Muna.
  1781 | D:2      | Became a worshipper of Sif Muna the Loreminder
  2239 | D:3      | Reached skill level 5 in Earth Magic
  2529 | D:3      | Reached XP level 5. HP: 28/28 MP: 6/9
  2561 | D:3      | Learned a level 5 spell: Lee's Rapid Deconstruction
  2937 | D:3      | Found a blossoming altar of Fedhas.
  3001 | D:3      | Found a shimmering altar of Xom.
  3097 | D:4      | Noticed Eustachio
  3112 | D:3      | You fall through a shaft!
  3384 | D:4      | Reached XP level 6. HP: 31/32 MP: 6/11
  3405 | D:4      | Reached * piety under Sif Muna
  3751 | D:4      | Reached skill level 6 in Earth Magic
  3791 | D:4      | Noticed Sigmund
  3895 | D:3      | Reached XP level 7. HP: 17/36 MP: 10/13
  4187 | D:4      | Killed Eustachio
  4605 | D:5      | Entered Level 5 of the Dungeon
  4738 | D:5      | Found an iron altar of Okawaru.
  4779 | D:5      | Reached ** piety under Sif Muna
  5029 | D:5      | Reached skill level 7 in Earth Magic
  5205 | D:5      | Reached skill level 5 in Spellcasting
  5232 | D:5      | Reached skill level 5 in Conjurations
  5232 | D:5      | Reached XP level 8. HP: 41/41 MP: 10/15
  5622 | D:5      | Noticed Blork the orc
  5627 | D:5      | Killed Blork the orc
  5680 | D:5      | Reached skill level 8 in Earth Magic
  6387 | D:6      | Reached *** piety under Sif Muna
  6808 | D:6      | Found a staircase to the Ecumenical Temple.
  7098 | D:6      | Reached XP level 9. HP: 45/45 MP: 13/18
  7691 | D:4      | Killed Sigmund
  7691 | D:4      | Reached skill level 9 in Earth Magic
  7840 | D:7      | You fall through a shaft for 2 floors!
  8081 | D:9      | Noticed a hornet
  8708 | D:8      | Reached **** piety under Sif Muna
  9160 | D:7      | Reached skill level 10 in Earth Magic
  9472 | D:7      | Reached skill level 1 in Fighting
  9518 | D:7      | Found a runed door.
  9522 | D:7      | Noticed Crazy Yiuf
  9524 | D:7      | Killed Crazy Yiuf
  9609 | D:7      | Found a white marble altar of Elyvilon.
  9813 | D:7      | Reached XP level 10. HP: 52/52 MP: 14/21
  9957 | D:8      | Noticed a two-headed ogre
  9963 | D:8      | Killed a two-headed ogre
  9963 | D:8      | Reached skill level 1 in Invocations
 10286 | D:8      | Found a sacrificial altar of Ru.
 11023 | D:8      | Noticed a moth of wrath
 11026 | D:8      | Found a bloodstained altar of Trog.
 11157 | D:8      | Killed a moth of wrath
 11379 | D:9      | Found a radiant altar of Vehumet.
 11916 | D:10     | Entered Level 10 of the Dungeon
 12144 | D:10     | Reached ***** piety under Sif Muna
 12688 | D:10     | Found a staircase to the Orcish Mines.
 12733 | D:9      | Reached skill level 5 in Fighting
 12847 | D:10     | Received a gift from Sif Muna
 12982 | D:10     | Noticed Harold
 12995 | D:9      | Reached XP level 11. HP: 57/63 MP: 20/23
 13557 | D:10     | Noticed Grum
 13583 | D:10     | Killed Grum
 13927 | D:10     | Found Agiac's Magic Scroll Emporium.
 13932 | D:10     | Bought 2 scrolls of identify for 44 gold pieces
 13932 | D:10     | Bought a scroll of enchant armour for 82 gold pieces
 13932 | D:10     | Bought a scroll of identify for 22 gold pieces
 13932 | D:10     | Bought a scroll of identify for 22 gold pieces
 14009 | D:10     | Killed an unseen horror
 14009 | D:10     | Reached skill level 5 in Dodging
 14139 | D:10     | Noticed a cyan ugly thing
 14145 | D:10     | Killed a cyan ugly thing
 14328 | D:10     | Killed Harold
 14537 | D:10     | Found a staircase to the Lair.
 14545 | D:10     | Noticed a two-headed ogre
 14549 | D:10     | Killed a two-headed ogre
 15146 | D:11     | Found a glowing silver altar of Zin.
 15172 | D:11     | Found a frozen archway.
 15238 | IceCv    | Entered an ice cave
 15589 | IceCv    | Reached skill level 5 in Invocations
 16170 | IceCv    | Reached XP level 12. HP: 65/72 MP: 10/24
 16672 | IceCv    | Reached skill level 10 in Conjurations
 17493 | IceCv    | Identified a scroll of acquirement
 17494 | IceCv    | Got a spiked helmet
 17495 | IceCv    | Identified the -5 helmet of Spite {*Drain Regen+ Dex+6 SInv} (You acquired it in an ice cave)
 18217 | D:11     | Reached skill level 1 in Armour
 18217 | D:11     | Reached skill level 11 in Earth Magic
 18427 | D:11     | Received a gift from Sif Muna
 19166 | D:10     | Noticed a two-headed ogre
 19166 | Lair:1   | Entered Level 1 of the Lair of Beasts
 19422 | Lair:1   | Learned a level 6 spell: Iron Shot
 20414 | Lair:2   | Reached skill level 1 in Shields
 20765 | Lair:2   | Reached XP level 13. HP: 80/80 MP: 10/26
 21229 | Lair:2   | Found a staircase to the Shoals.
 22573 | Lair:3   | Found a staircase to the Snake Pit.
 22602 | Lair:3   | Got a scorched bronze ring
 22604 | Lair:3   | Identified the ring of Ipukonk {rN+ MR+ Str-4 Dex+5} (You found it on level 3 of the Lair of Beasts)
 23729 | Lair:4   | Identified Sif Muna's Grimoire of Twisted Illusion (Sif Muna gifted it to you on level 4 of the Lair of Beasts)
 23729 | Lair:4   | Received a gift from Sif Muna
 23729 | Lair:4   | Reached skill level 12 in Earth Magic
 23834 | Lair:4   | Found a runed door.
 24237 | Lair:4   | Noticed an entropy weaver
 24239 | Lair:4   | Reached skill level 10 in Fighting
 24243 | Lair:4   | Killed an entropy weaver
 24413 | Lair:4   | Noticed an entropy weaver
 24424 | Lair:4   | Killed an entropy weaver
 24424 | Lair:4   | Reached skill level 10 in Spellcasting
 25058 | Lair:4   | Noticed an entropy weaver
 25275 | Lair:4   | Killed an entropy weaver
 25478 | Lair:4   | Gained mutation: Your large and strong wings let you fly indefinitely. [Gargoyle growth]
 25478 | Lair:4   | Reached XP level 14. HP: 88/88 MP: 18/28
 25780 | Lair:4   | Got a vibrating tin ring
 25781 | Lair:4   | Identified the cursed ring of No Interval {rF- rN++ AC-5} (You found it on level 4 of the Lair of Beasts)
 25856 | Lair:5   | Learned a level 5 spell: Bolt of Magma
 25865 | Lair:5   | Learned a level 3 spell: Regeneration
 25967 | Lair:5   | Noticed Nessos
 25972 | Lair:5   | Killed Nessos
 26556 | Lair:6   | Entered Level 6 of the Lair of Beasts
 26643 | Lair:6   | Reached skill level 5 in Armour
 28357 | Lair:6   | Reached skill level 13 in Earth Magic
 28704 | Lair:6   | Identified Orieps's Guide on Attacks (Sif Muna gifted it to you on level 6 of the Lair of Beasts)
 28704 | Lair:6   | Received a gift from Sif Muna
 28710 | Lair:6   | Got an ancient helmet
 28766 | Lair:6   | Identified the +1 helmet "Duoridd" {rCorr Str+3 Dex+3} (You acquired it on level 6 of the Lair of Beasts)
 28893 | Lair:6   | Found a staircase to the Slime Pits.
 29466 | D:10     | Learned a level 6 spell: Bolt of Fire
 29510 | Orc:1    | Entered Level 1 of the Orcish Mines
 29510 | Orc:1    | Noticed Maurice
 30092 | D:10     | Killed Maurice
 30600 | Orc:2    | Entered Level 2 of the Orcish Mines
 30600 | Orc:2    | Found Elah Aqa's Magic Scroll Boutique.
 30600 | Orc:2    | Found Afaezumo's Armour Emporium.
 30600 | Orc:2    | Found Joliad's Jewellery Emporium.
 30918 | Orc:1    | Reached XP level 15. HP: 95/95 MP: 16/29
 32287 | Orc:2    | Found Yliutui's Assorted Antiques.
 32347 | Orc:2    | Found Butwan's Antique Weapon Shop.
 32483 | Orc:2    | Found a staircase to the Elven Halls.
 32498 | Orc:2    | Found a roughly hewn altar of Beogh.
 32582 | Orc:2    | Found Eleptaf's Gadget Emporium.
 32638 | Orc:2    | Found Unloacyg's General Store.
 32646 | Orc:2    | Bought a potion of curing for 45 gold pieces
 32646 | Orc:2    | Bought a scroll of magic mapping for 52 gold pieces
 32646 | Orc:2    | Bought a potion of curing for 45 gold pieces
 32730 | Orc:2    | Found Qigin's Weapon Shoppe.
 33566 | Orc:1    | You are sucked into a shaft!
 33580 | Orc:1    | Noticed Fannar
 33783 | Orc:1    | Killed Fannar
 34025 | Orc:2    | Bought a scroll of identify for 24 gold pieces
 34025 | Orc:2    | Bought a scroll of remove curse for 36 gold pieces
 34025 | Orc:2    | Bought a scroll of teleportation for 36 gold pieces
 34025 | Orc:2    | Bought a scroll of remove curse for 36 gold pieces
 34025 | Orc:2    | Bought a scroll of remove curse for 36 gold pieces
 34025 | Orc:2    | Bought a scroll of identify for 24 gold pieces
 34025 | Orc:2    | Bought a scroll of identify for 24 gold pieces
 34025 | Orc:2    | Bought a scroll of identify for 24 gold pieces
 34037 | Orc:2    | Bought a scroll of enchant weapon for 217 gold pieces
 34037 | Orc:2    | Bought a scroll of fear for 101 gold pieces
 34037 | Orc:2    | Bought a scroll of identify for 58 gold pieces
 34156 | Snake:1  | Entered Level 1 of the Snake Pit
 34542 | Snake:1  | Got a transparent robe
 34543 | Snake:1  | Identified the +1 robe "Alueptul" {rElec rPois rN+ Dex+4} (You found it on level 1 of the Snake Pit)
 34545 | Snake:1  | Identified Sif Muna's Compendium of Execration (Sif Muna gifted it to you on level 1 of the Snake Pit)
 34545 | Snake:1  | Received a gift from Sif Muna
 34545 | Snake:1  | Reached skill level 14 in Earth Magic
 34545 | Snake:1  | Reached XP level 16. HP: 101/101 MP: 31/31
 34754 | Snake:1  | Reached skill level 15 in Earth Magic
 35441 | Snake:1  | Found Xexiket's Food Emporium.
 35441 | Snake:1  | Found Uclabed's Antique Armour Shoppe.
 35482 | Snake:1  | Bought a pair of embroidered gloves for 157 gold pieces
 35482 | Snake:1  | Bought a runed helmet for 157 gold pieces
 38024 | Snake:2  | Noticed a nagaraja
 38028 | Snake:2  | Killed a nagaraja
 38985 | Snake:2  | Reached XP level 17. HP: 107/107 MP: 13/32
 41671 | Snake:3  | Found Keol's Assorted Antiques.
 41684 | Snake:3  | Bought a scroll of fear for 154 gold pieces
 41684 | Snake:3  | Bought a scroll of identify for 88 gold pieces
 41684 | Snake:3  | Bought a potion of magic for 352 gold pieces
 41684 | Snake:3  | Bought a knobbly ruby ring for 220 gold pieces
 41805 | Snake:3  | Found Gyamefot's Weapon Shoppe.
 41832 | Snake:3  | Identified Sif Muna's Almanac of Fire (Sif Muna gifted it to you on level 3 of the Snake Pit)
 41832 | Snake:3  | Received a gift from Sif Muna
 41840 | Snake:3  | Learned a level 5 spell: Fireball
 42045 | Snake:3  | Noticed Vashnia
 42914 | Snake:3  | Reached skill level 1 in Fire Magic
 43222 | Snake:3  | Found Edgheafilo's Armour Boutique.
 43293 | Snake:3  | Noticed Nikola
 43346 | Snake:3  | Killed Nikola
 43670 | Snake:3  | Found Kuogom's Antique Armour Shoppe.
 43820 | Snake:3  | Killed Vashnia
 44129 | Snake:3  | Found a runed door.
 44832 | Snake:4  | Entered Level 4 of the Snake Pit
 44871 | Snake:4  | Reached skill level 10 in Dodging
 45245 | Snake:4  | Reached skill level 16 in Earth Magic
 45646 | Snake:4  | Found the cursed necklace of Bloodlust {*Rage +Rage MR++ Int-3 Slay+6 *Curse}
 46300 | Snake:4  | Reached skill level 10 in Armour
 46885 | Snake:4  | Noticed Jorgrun
 46896 | Snake:4  | Killed Jorgrun
 46896 | Snake:4  | Identified Sif Muna's Grimoire of Arcane Weapons (Sif Muna gifted it to you on level 4 of the Snake Pit)
 46896 | Snake:4  | Received a gift from Sif Muna
 46900 | Snake:4  | Noticed Asterion
 46900 | Snake:4  | Noticed Aizul
 47434 | Snake:4  | Reached XP level 18. HP: 114/114 MP: 4/34
 47475 | Snake:4  | Found Izarghi's Gadget Shoppe.
 47478 | Snake:4  | Found Woiroam's Jewellery Shop.
 47479 | Snake:4  | Found Foixor's Gadget Shoppe.
 48399 | Snake:4  | Noticed Bai Suzhen
 48722 | Snake:3  | Killed Bai Suzhen
 49659 | Snake:4  | Noticed Kirke
 49669 | Snake:4  | Killed Kirke
 49669 | Snake:4  | Reached skill level 5 in Fire Magic
 49996 | Snake:3  | Killed Aizul
 50581 | Snake:4  | Got a serpentine rune of Zot
 51628 | Shoals:1 | Entered Level 1 of the Shoals
 51933 | Shoals:1 | Received a gift from Sif Muna
 53277 | Shoals:1 | Reached skill level 17 in Earth Magic
 53659 | Shoals:2 | Found a flickering gateway to a bazaar.
 53682 | Bazaar   | Entered a bazaar
 53686 | Bazaar   | Found Mog Tucw's Magic Scroll Boutique.
 53705 | Bazaar   | Found Loitsiul's General Store.
 53705 | Bazaar   | Found Moedwiomn's Antique Armour Emporium.
 53724 | Bazaar   | Found Kixejuol's Antique Weapon Boutique.
 53735 | Bazaar   | Found Epnicuos's Jewellery Shoppe.
 53769 | Bazaar   | Bought a pair of spiked gloves for 171 gold pieces
 53788 | Bazaar   | Bought a scroll of teleportation for 21 gold pieces
 53788 | Bazaar   | Bought a scroll of blinking for 52 gold pieces
 53788 | Bazaar   | Bought a scroll of teleportation for 21 gold pieces
 53788 | Bazaar   | Bought a scroll of identify for 14 gold pieces
 53788 | Bazaar   | Bought a scroll of enchant weapon for 52 gold pieces
 53788 | Bazaar   | Bought a scroll of teleportation for 21 gold pieces
 53816 | Bazaar   | Identified the +2 pair of gloves "Hyth" {rF+ rC+} (You bought it in a shop in a bazaar)
 53855 | Shoals:2 | Found Hicu's Antique Weapon Shoppe.
 53887 | Shoals:2 | Found Moukaxurch's Armour Shoppe.
 53898 | Shoals:2 | Found Hura's Weapon Shop.
 54259 | Shoals:2 | Noticed Polyphemus
 54335 | Shoals:2 | Killed Polyphemus
 54611 | Shoals:2 | Found Moalleug's Gadget Shoppe.
 54651 | Shoals:2 | Reached skill level 15 in Conjurations
 55033 | Shoals:2 | Reached XP level 19. HP: 80/121 MP: 1/36
 55559 | Shoals:2 | Found Fauzu's Island Escapes.
 57036 | Shoals:3 | Noticed Ilsuiw
 57042 | Shoals:3 | Identified Iquyr's Guide on Battle Magic (Sif Muna gifted it to you on level 3 of the Shoals)
 57042 | Shoals:3 | Received a gift from Sif Muna
 57060 | Shoals:3 | Killed Ilsuiw
 58524 | Shoals:3 | Reached skill level 15 in Fighting
 59134 | Shoals:4 | Entered Level 4 of the Shoals
 59134 | Shoals:4 | Found Iniseh's Armour Emporium.
 60091 | Shoals:4 | Reached skill level 18 in Earth Magic
 61306 | Shoals:4 | Identified Yhimp's Volume of Fiery Intoxication (Sif Muna gifted it to you on level 4 of the Shoals)
 61306 | Shoals:4 | Received a gift from Sif Muna
 61447 | Shoals:4 | Reached XP level 20. HP: 130/130 MP: 25/38
 61736 | Shoals:4 | Got a barnacled rune of Zot
 62083 | D:10     | Learned a level 8 spell: Lehudib's Crystal Spear
 62613 | D:12     | Found a white marble altar of Elyvilon.
 64316 | D:14     | Found a gate to the Vaults.
 64508 | D:14     | Found a basalt altar of Yredelemnul.
 64974 | D:14     | Found an opulent altar of Gozag.
 65357 | D:15     | Entered Level 15 of the Dungeon
 65739 | D:15     | Found a staircase to the Depths.
 66554 | Vaults:1 | Entered Level 1 of the Vaults
 66600 | Vaults:1 | Reached skill level 10 in Fire Magic
 67400 | D:14     | Received a gift from Sif Muna
 67530 | D:10     | Learned a level 9 spell: Shatter
 68307 | Vaults:1 | Found Ummi's Magic Scroll Shop.
 69673 | Vaults:1 | Reached skill level 19 in Earth Magic
 70412 | Vaults:2 | Reached XP level 21. HP: 128/136 MP: 14/39
 70567 | Vaults:2 | Found a magical portal.
 70576 | WizLab   | Entered Doroklohe's Tomb
 70688 | WizLab   | Noticed MirrMurr's ghost (veteran MfBe)
 71987 | Vaults:2 | Reached skill level 15 in Spellcasting
 72802 | Vaults:2 | Found a staircase to the Crypt.
 74723 | Vaults:3 | Found Ritsik's Jewellery Shop.
 76858 | Vaults:3 | Identified Siqoab's Compendium of Virous Fire (Sif Muna gifted it to you on level 3 of the Vaults)
 76858 | Vaults:3 | Received a gift from Sif Muna
 78261 | Vaults:4 | Reached skill level 20 in Earth Magic
 79437 | Vaults:4 | Reached XP level 22. HP: 144/144 MP: 34/41
 80520 | D:10     | Upgraded the game from 0.21-a0-504-g2eda33064f to 0.21-a0-506-ga0ee87aef2
 81606 | Snake:4  | Killed Asterion
 81928 | Elf:1    | Entered Level 1 of the Elven Halls
 82128 | Elf:1    | Reached skill level 1 in Maces & Flails
 82293 | Elf:1    | Noticed Frances
 82299 | Elf:1    | Killed Frances
 83817 | Elf:2    | Reached skill level 21 in Earth Magic
 84491 | Elf:2    | Found a runed gate.
 84491 | Elf:2    | Found a runed gate.
 84494 | Elf:2    | Found a runed gate.
 84901 | Elf:2    | Noticed Donald
 84910 | Elf:2    | Killed Donald
 84916 | Elf:2    | Identified Anofal's Papyrus of Combat Magic (Sif Muna gifted it to you on level 2 of the Elven Halls)
 84916 | Elf:2    | Received a gift from Sif Muna
 85366 | Elf:2    | Reached skill level 5 in Maces & Flails
 85752 | Elf:2    | Noticed Saint Roka
 86486 | Elf:2    | Killed Saint Roka
 86738 | Elf:3    | Entered Level 3 of the Elven Halls
 87516 | Elf:3    | Reached skill level 22 in Earth Magic
 87637 | Elf:3    | Got a pair of twisted boots
 87837 | Elf:3    | Cast into level 2 of the Abyss (a deep elf sorcerer)
 87970 | Abyss:2  | Upgraded the game from 0.21-a0-506-ga0ee87aef2 to 0.21-a0-508-gf08a75f26b
 88210 | Abyss:2  | Gained mutation: Potions are less effective at restoring your health. [a shining eye]
 88533 | Elf:3    | Escaped the Abyss
 89113 | Elf:3    | Reached XP level 23. HP: 149/149 MP: 19/42
 89496 | Elf:3    | Got a smoking wooden ring
 89517 | Elf:3    | Identified Sif Muna's Papyrus of Cankerous Talismans (Sif Muna gifted it to you on level 3 of the Elven Halls)
 89517 | Elf:3    | Received a gift from Sif Muna
 90054 | Elf:3    | Got a sparkling amethyst amulet
 90281 | Elf:3    | Identified the ring of Secrets {Fire Slay+3} (You took it off a deep elf annihilator on level 3 of the Elven Halls)
 90282 | Elf:3    | Identified the amulet of the Queen {Harm *Drain Str+7} (You took it off a deep elf demonologist on level 3 of the Elven Halls)
 90346 | Elf:3    | Identified the cursed -3 pair of boots of the Ninety-Nine Places {*Drain MR+ Int+3} (You found it on level 3 of the Elven Halls)
 90352 | Elf:3    | Got a bloodstained morningstar {speed}
 90358 | Elf:3    | Identified the +7 morningstar of the Inferno {speed, rElec Dex+2} (You took it off a deep elf demonologist on level 3 of the Elven Halls)
 90837 | Elf:3    | Reached skill level 23 in Earth Magic
 92435 | Crypt:1  | Entered Level 1 of the Crypt
 92475 | Crypt:1  | HP: 7/149 [something (4)]
 92475 | Crypt:1  | HP: 2/149 [something (5)]
 92476 | Crypt:1  | Slain by a vampire knight

Vault maps used:
D:1:      lightli_arrival_chessboard
D:2:      lemuel_blue_sif_altar
D:3:      lemuel_round_altar, st_stairs_11, fedhas_altar_2
D:4:      first_bread, uniq_sigmund, uniq_eustachio
D:5:      okawaru_metal_pillars_1_2, uniq_blork_the_orc
D:6:      minmay_temple_entry_large_hall
D:7:      old_standard_altar, grunt_ogre_cave, uniq_crazy_yiuf_cottage
D:8:      tgw_trog, nicolae_ru_awakened_eye
D:9:      lemuel_crystal_altar
D:10:     kennysheep_blocky_room, dpeg_oklobed_lair, zombieorc2_lemuel,
          serial_shops, shop, uniq_grum, uniq_harold
D:11:     portal_ice_cave_entry_ice_beasts, basic_altar
D:12:     minmay_ruined_shrine
D:13:     nicolae_underground_beach
D:14:     erik_vaults_1, lemuel_mausoleum_altar_yredelemnul, basic_altar,
          serial_glass, glass_columns_b, glass_columns_b, glass_columns_a,
          glass_columns_a, glass_columns_a, glass_columns_a, fungi_pond_lemuel
D:15:     hangedman_depths_entry_civil_slaughter, minivault_11
Lair:2:   minmay_shoals_entry_centaurs, st_stairs_10, grunt_megastairs_4
Lair:3:   minmay_snake_entry_guardpost_small,
          eino_small_chamber_without_monster, serial_bayou_pond_d,
          serial_bayou_lake_a
Lair:4:   gammafunk_mikee_crab_dinner, beast_lair_carwin_3,
          infiniplex_staircase_pool, grunt_megastairs_1
Lair:5:   wad_woods_road_05, grunt_megastairs_5, uniq_nessos
Lair:6:   gammafunk_lair_ancient_temple, nicolae_slime_entry_slimehenge
Shoals:1: st_cyclops
Shoals:2: serial_shops, bzr_entry_safe, shop, shop, shop, shop,
          nicolae_island_escapes, uniq_polyphemus
Shoals:3: nicolae_shoals_kraken_party, uniq_ilsuiw
Shoals:4: shoals_end_grunt_ice, shoals_ilsuiw_ice, serial_shops,
          nicolae_shop_temple_entry_statues_fountains
Snake:1:  spider_trap, minmay_shoptagon
Snake:3:  serial_shops, shop, shop, nicolae_shop_crystal, nicolae_shop_crystal,
          lightli_airlock, uniq_nikola, uniq_vashnia
Snake:4:  snake_pit, minmay_shop_grove, uniq_bai_suzhen, uniq_kirke,
          uniq_asterion, uniq_jorgrun, uniq_aizul
Orc:1:    nicolae_orc_accident_3, uniq_maurice, uniq_fannar
Orc:2:    st_orc_open, basic_altar, serial_shops, nicolae_shop_crystal, shop,
          shop, nicolae_shop_crystal
Elf:1:    eino_elf_arrival_the_gate, uniq_frances
Elf:2:    uniq_saint_roka, uniq_donald
Elf:3:    grunt_elf_hall_asides, st_stairs_6
Vaults:1: v_rooms_4, grunt_vaults_focal, vaults_dpeg_cross,
          nicolae_vaults_minivaults, serial_ice_b, v_misc_19,
          nicolae_vaults_specimen_jars, nicolae_vaults_asterisk,
          dpeg_vaults_monster_row, vaults_room_grunt_arrival_ludios,
          ontoclasm_vaults_ring_square, nicolae_vaults_ring_of_whatevers,
          serial_shops, shop_statue
Vaults:2: v_misc_15, minmay_crypt_entry_simple_plaza, vaults_mumra_hexcomb,
          v_misc_16, nicolae_vaults_alarming, v_misc_19, v_misc_16,
          mu_enter_wizlab_3
Vaults:3: nicolae_vaults_yaktaur_gun_rack, vaults_room_grid, vaults_room_fours,
          nicolae_vaults_statue_guard, nicolae_vaults_ring_of_whatevers,
          nicolae_vaults_windows_and_doors_thing,
          nicolae_vaults_little_squares_1, v_misc_24, vaults_dpeg_diagonal,
          ontoclasm_vaults_tryst, ontoclasm_vaults_hangar,
          nicolae_vaults_little_squares_2, v_pattern_2, ontoclasm_vaults_twist,
          v_misc_2, vaults_room_boxed, nicolae_vaults_ring_of_whatevers,
          vaults_room_semicircle, serial_shops, nicolae_shop_crystal
Vaults:4: nicolae_vaults_back_hallway, nicolae_vaults_big_ls, v_misc_25,
          hangedman_vaults_corner_blocks, v_misc_16, dpeg_vaults_monster_box
Crypt:1:  gammafunk_the_bubble, grunt_crypt_arrival_guarded_gate
Abyss:2:  evilmike_abyss_exit_smiterflies, hangedman_decor_lopped
Bazaar:   bazaar_lake
IceCv:    ice_cave_tombish
WizLab:   wizlab_doroklohe

Skill      XL: |  1  2  3  4  5  6  7  8  9 10 11 12 13 14 15 16 17 18 19 20 21 22 23 |
---------------+----------------------------------------------------------------------+-----
Earth Magic    | 4 5 6 7 8 10 11 12 13 14 15 16 17 18 19 20 22 23 | 23.1
Conjurations   | 1 2 3 5 6 8 9 10 11 12 13 14 15 16 | 16.9
Spellcasting   | 3 4 5 6 7 8 9 10 11 12 13 14 15 | 15.3
Fighting       | 1 5 7 9 10 11 12 13 14 15 16 17 | 17.0
Dodging        | 2 4 6 7 8 9 10 | 10.0
Invocations    | 3 5 6 7 |  7.1
Armour         | 2 4 6 7 8 10 | 10.0
Shields        | 2 4 |  4.0
Fire Magic     | 3 6 9 10 12 | 12.2
Maces & Flails | 6 8 |  8.2
Stealth        | |  2.1
Transmutations | |  0.7

Action                   |  1- 3 |  4- 6 |  7- 9 | 10-12 | 13-15 | 16-18 | 19-21 | 22-24 || total
-------------------------+-------+-------+-------+-------+-------+-------+-------+-------++-------
Melee: Dagger            |     4 |       |       |       |       |       |       |       ||     4
       Unarmed           |     1 |       |       |       |       |       |       |       ||     1
       Mace              |       |    46 |       |       |       |       |       |       ||    46
       Whip              |       |    51 |       |       |       |       |       |       ||    51
       Flail             |       |       |   145 |   360 |   538 |   674 |       |       ||  1717
       Morningstar       |       |       |       |       |       |   233 |   988 |    44 ||  1265
       Demon whip        |       |       |       |       |       |       |       |   214 ||   214
       Staff             |       |       |       |       |       |       |       |    12 ||    12
 Cast: Sandblast         |    45 |    81 |    71 |    58 |   182 |       |       |       ||   437
       Stone Arrow       |       |       |    61 |   229 |   208 |   305 |   132 |     3 ||   938
       Lee's Rapid Decon |       |       |       |    43 |    29 |     7 |     7 |     2 ||    88
       Iron Shot         |       |       |       |     7 |    92 |   290 |   368 |   253 ||  1010
       Bolt of Magma     |       |       |       |       |     2 |    32 |    33 |       ||    67
       Fireball          |       |       |       |       |       |    16 |    94 |    24 ||   134
       Bolt of Fire      |       |       |       |       |       |       |    66 |    55 ||   121
Invok: Channel Magic     |       |       |       |       |     3 |    11 |    17 |     5 ||    36
       Divine Energy     |       |       |       |       |     3 |     5 |     2 |     1 ||    11
       Stop Divine Energ |       |       |       |       |     3 |     5 |     2 |       ||    10
       Forget Spell      |       |       |       |       |       |       |     3 |       ||     3
 Abil: Fly               |       |       |       |       |     1 |     1 |     2 |       ||     4
       Stop Flying       |       |       |       |       |       |     1 |     2 |       ||     3
  Use: Scroll            |       |       |    14 |    21 |    18 |    12 |    20 |    22 ||   107
       Potion            |       |       |       |     2 |     2 |       |       |     1 ||     5
 Stab: Sleeping          |       |       |     5 |       |     1 |     3 |     1 |     1 ||    11
       Distracted        |       |       |       |     1 |     1 |       |       |       ||     2
  Eat: Chunk             |     3 |     7 |    32 |    45 |    69 |    51 |   175 |    56 ||   438
       Fruit             |       |       |     2 |       |       |    20 |       |       ||    22
       Meat ration       |       |       |       |     2 |     3 |     7 |       |     4 ||    16
       Royal jelly       |       |       |       |       |     1 |     9 |     1 |     7 ||    18
       Bread ration      |       |       |       |       |       |     7 |       |       ||     7
Armor: Robe              |     7 |    60 |    87 |   303 |   526 |   431 |       |    76 ||  1490
       Quicksilver drago |       |       |       |       |       |   288 |   931 |   131 ||  1350
Dodge: Dodged            |     7 |   107 |   194 |   594 |  1212 |  1682 |  1529 |   278 ||  5603
       Deflected         |       |       |       |       |       |   129 |    91 |    45 ||   265
Block: Buckler           |       |       |       |       |   529 |   737 |   730 |   140 ||  2136

Table legend:
 A = Spawn XP
 B = Non-spawn XP
 C = Spawn XP percentage of total XP
 D = Spawn monster count
 E = Non-spawn monster count
 F = Spawn count percentage of total count
 G = Total turns spent on level
                    A         B        C        D         E        F      G
               +---------+---------+-------+---------+---------+-------+---------
         Total |   11810 |  693066 |   1.7 |      22 |    1563 |   1.4 | 92476
               +---------+---------+-------+---------+---------+-------+---------
           D:1 |       0 |      37 |   0.0 |       0 |      23 |   0.0 |   980
           D:2 |       0 |      70 |   0.0 |       0 |      26 |   0.0 |  1057
           D:3 |       0 |     216 |   0.0 |       0 |      28 |   0.0 |  1436
           D:4 |       0 |     830 |   0.0 |       0 |      23 |   0.0 |  1368
           D:5 |       0 |     930 |   0.0 |       0 |      34 |   0.0 |  1589
           D:6 |       0 |     777 |   0.0 |       0 |      10 |   0.0 |  1626
           D:7 |       0 |    1132 |   0.0 |       0 |      26 |   0.0 |  1488
           D:8 |       0 |    2165 |   0.0 |       0 |      30 |   0.0 |  1546
           D:9 |       0 |    1774 |   0.0 |       0 |      17 |   0.0 |  2258
          D:10 |       0 |    9817 |   0.0 |       0 |      78 |   0.0 |  3888
          D:11 |       0 |    5923 |   0.0 |       0 |      47 |   0.0 |  1863
          D:12 |       0 |    7548 |   0.0 |       0 |      31 |   0.0 |  1200
          D:13 |       0 |    9236 |   0.0 |       0 |      39 |   0.0 |  1315
          D:14 |       0 |   11231 |   0.0 |       0 |      27 |   0.0 |  2074
          D:15 |       0 |   12630 |   0.0 |       0 |      18 |   0.0 |  1205
        Lair:1 |       0 |    3336 |   0.0 |       0 |      16 |   0.0 |  1141
        Lair:2 |       0 |    5006 |   0.0 |       0 |      19 |   0.0 |  2013
        Lair:3 |       0 |    3803 |   0.0 |       0 |      23 |   0.0 |  1347
        Lair:4 |       0 |   18625 |   0.0 |       0 |      39 |   0.0 |  2620
        Lair:5 |       0 |    3191 |   0.0 |       0 |      13 |   0.0 |  1040
        Lair:6 |       0 |   17994 |   0.0 |       0 |      54 |   0.0 |  2430
      Shoals:1 |       0 |   20905 |   0.0 |       0 |      47 |   0.0 |  2088
      Shoals:2 |       0 |   26485 |   0.0 |       0 |      42 |   0.0 |  2900
      Shoals:3 |       0 |   36846 |   0.0 |       0 |      53 |   0.0 |  2538
      Shoals:4 |       0 |   37110 |   0.0 |       0 |      53 |   0.0 |  2426
       Snake:1 |       0 |   18925 |   0.0 |       0 |      37 |   0.0 |  3381
       Snake:2 |       0 |   24058 |   0.0 |       0 |      40 |   0.0 |  3893
       Snake:3 |       0 |   39108 |   0.0 |       0 |      46 |   0.0 |  5578
       Snake:4 |       0 |   55586 |   0.0 |       0 |      88 |   0.0 |  5298
         Orc:1 |       0 |   14705 |   0.0 |       0 |      60 |   0.0 |  2136
         Orc:2 |       0 |    5983 |   0.0 |       0 |      28 |   0.0 |  1591
         Elf:1 |       0 |   22363 |   0.0 |       0 |      33 |   0.0 |  1573
         Elf:2 |       0 |   46345 |   0.0 |       0 |      71 |   0.0 |  3293
         Elf:3 |       0 |   59391 |   0.0 |       0 |      54 |   0.0 |  4689
      Vaults:1 |       0 |   47755 |   0.0 |       0 |      62 |   0.0 |  3145
      Vaults:2 |       0 |   42022 |   0.0 |       0 |      71 |   0.0 |  3538
      Vaults:3 |       0 |   38530 |   0.0 |       0 |      66 |   0.0 |  2955
      Vaults:4 |       0 |   32032 |   0.0 |       0 |      58 |   0.0 |  2591
       Crypt:1 |       0 |    1555 |   0.0 |       0 |       8 |   0.0 |    41
       Abyss:2 |   11810 |    1528 |  88.5 |      22 |       2 |  91.7 |   696
         IceCv |       0 |    5139 |   0.0 |       0 |      22 |   0.0 |  2370
        WizLab |       0 |     424 |   0.0 |       0 |       1 |   0.0 |   135
               +---------+---------+-------+---------+---------+-------+---------
